 Dungeon Crawl Stone Soup version 0.29.0-4-gdea44cf6ec (webtiles) character file.

Game seed: 14949927886085771415

52 sking99 the Shooter (level 3, 0/21 HPs)
             Began as a Gargoyle Arcane Marksman on Aug 27, 2022.
             Slain by an orc wizard
             ... wielding a +0 dagger
              (2 damage)
             ... on level 3 of the Dungeon.
             The game lasted 00:06:38 (1986 turns).

sking99 the Shooter (Gargoyle Arcane Marksman)      Turns: 1986, Time: 00:06:39

Health: 0/21       AC:  7    Str: 13    XL:     3   Next: 85%
Magic:  5/5        EV: 11    Int: 15    God:
Gold:   81         SH:  0    Dex: 10    Spells: 1/5 levels left

rFire   . . .      SeeInvis .   a - +1 sling
rCold   . . .      Faith    .   (no shield)
rNeg    + . .      Spirit   .   m - +2 robe {Archmagi}
rPois   ∞          Reflect  .   (no helmet)
rElec   +          Harm     .   (no cloak)
rCorr   .          Rampage  .   (no gloves)
Will    .....      Archmagi +   (no boots)
Stlth   +.........              (no amulet)
HPRegen 0.07/turn               (no ring)
MPRegen 0.09/turn               (no ring)

@: no status effects
A: sickness immunity, AC +3, negative energy resistance 1, electricity
resistance, torment resistance 1, petrification resistance
a: no special abilities


You were on level 3 of the Dungeon.
You visited 1 branch of the dungeon, and saw 3 of its levels.

You collected 81 gold pieces.

Inventory:

Hand Weapons
 a - a +1 sling (weapon)
Armour
 m - a +2 robe of the Archmagi (worn)
Scrolls
 b - a scroll of poison
 c - a scroll of torment {unknown}
 d - a scroll of identify {unknown}
 f - a scroll of blinking {unknown}
 g - 3 scrolls of butterflies {unknown}
 j - a scroll of noise {unknown}
 k - a scroll of fear {unknown}
 l - a scroll of vulnerability {unknown}
 o - a scroll of teleportation {unknown}
 q - a scroll of amnesia {unknown}
Potions
 e - a potion of mutation {unknown}
 h - 2 potions of brilliance {unknown}
 i - 2 potions of haste {unknown}
 n - 2 potions of curing {unknown}
 p - a potion of flight {unknown}


   Skills:
 + Level 2.0 Fighting
 * Level 3.1 Ranged Weapons
 - Level 1.5 Dodging
 + Level 1.5 Spellcasting
 + Level 3.0 Hexes


You had one spell level left.
You knew the following spells:

 Your Spells              Type           Power      Damage    Failure   Level
a - Slow                  Hex            60%        N/A       7%          1
b - Inner Flame           Hex/Fire       8%         N/A       36%         3

Your spell library contained the following spells:

 Spells                   Type           Power      Damage    Failure   Level
 Portal Projectile        Hex/Tloc       16%        N/A       36%         3
 Cause Fear               Hex            7%         N/A       56%         4


Dungeon Overview and Level Annotations

Branches:
Dungeon (3/15)

Altars:


Innate Abilities, Weirdness & Mutations

You are immune to sickness and miasma.
Your stone body is resilient. (AC +3)
You are immune to poison.
You resist negative energy. (rN+)
You are resistant to electric shocks. (rElec)
You are resistant to unholy torment.
You are immune to petrification.


Message History

Fire: a) +1 sling
Press: ? - help, Q - select action, (/) - cycle Shift-Dir - straight line, f - you Really target yourself? [Y]es or [N]o only, please.
Really target yourself?
Okay, then.
Fire: a) +1 sling
Press: ? - help, Q - select action, (/) - cycle Shift-Dir - straight line You shoot a sling bullet.
Something hits you but does no damage.
Fire: a) +1 sling
Press: ? - help, Q - select action, (/) - cycle Shift-Dir - straight line You shoot a sling bullet.
Something hits you but does no damage. x2
Fire: a) +1 sling
Press: ? - help, Q - select action, (/) - cycle Shift-Dir - straight line You shoot a sling bullet.
You hear some strange, mumbled words.
You are confused.
Non-targeted confused fire: a) +1 sling
Press: ? - help, Q - select action, (/) - cycle Dir - look around, f - activate You shoot a sling bullet.
Something hits you but does no damage.
You closely miss something. Something hits you.
* * * LOW HITPOINT WARNING * * *
Something hits you.
* * * LOW HITPOINT WARNING * * *
You bump into the rock wall.
Something hits you but does no damage.
You bump into the rock wall.
You hear some strange, mumbled words.
A magic dart appears from out of thin air!
The magic dart hits you but does no damage.
A magic dart appears from out of thin air!
The magic dart hits you but does no damage.
Something hits you.
* * * LOW HITPOINT WARNING * * *
You bump into the rock wall.
You feel less confused. Something hits you.
You die...

.. ##. #### .. .... #.
#... ######### #
##.##... #.......# #.
....... #.##.##.#
#.###..... .o.
#.######## #...<.†...
#..# #.)..){@.#
.......#..... ....
#.######.# ####.#...#...
##.## #.######.##
#.##.##... ..
#.##......### #.......##
#. ####........#
####†#### #..##(.#.#
#...# ## ####......#.#
#...###. #......##.#.#
#...##..
#...........#####...##.#


There were no monsters in sight!

Vanquished Creatures
  A dart slug (D:2)
  3 orcs (D:3)
  2 ball pythons
  6 endoplasms
  4 giant cockroaches
  A goblin (D:1)
  4 hobgoblins
  6 jackals (D:1)
  3 kobolds
  2 bats
  4 frilled lizards
  4 rats
40 creatures vanquished.

Notes
Turn   | Place    | Note
-------+----------+-------------------------------------------
     0 | D:1      | sking99 the Gargoyle Arcane Marksman began the quest for
                  | the Orb.
     0 | D:1      | Reached XP level 1. HP: 12/12 MP: 2/2
    71 | D:1      | Found a faded altar of an unknown god.
   248 | D:1      | Reached XP level 2. HP: 12/16 MP: 3/3
   762 | D:1      | Reached XP level 3. HP: 21/21 MP: 4/4
   766 | D:1      | Learned a level 3 spell: Inner Flame
  1906 | D:3      | Identified the +1 robe of Okaunlosk {Harm rElec rPois}
  1986 | D:3      | Slain by an orc wizard

Illustrated notes

Levels and vault maps discovered:
D:1:      nzn_arrival_settlement, layout_basic,
          ebering_ecumenical_altar_petrified, chequers_serial_rivers_large_a,
          corexii_corridor_pit
D:2:      layout_rooms, minmay_misc_feat_chi
D:3:      cheibrodos_greedy_goblins, layout_loops_cross, minmay_misc_feat_alley

Skill      XL: |  1  2  3 |
---------------+----------+-----
Ranged Weapons | 3 |  3.1
Hexes          | 3 |  3.0
Fighting       | 2 |  2.0
Dodging        | |  1.5
Spellcasting   | |  1.5

Action                   || total
-------------------------++-------
Melee: Sling             ||     1
 Fire: Sling             ||   163
 Cast: Slow              ||    10
Armor: Robe              ||    54
Dodge: Dodged            ||    64
